 Dungeon Crawl Stone Soup version 0.21.1-1-g345015fe64 (webtiles) character file.

77 Crag the Magician (level 4, 0/24 HPs)
             Began as a Deep Elf Wizard on June 23, 2018.
             Slain by a gnoll
             ... wielding a +0 halberd
              (12 damage)
             ... on level 4 of the Dungeon.
             The game lasted 00:09:28 (2842 turns).

Crag the Magician (Deep Elf Wizard)                 Turns: 2842, Time: 00:09:28

Health: 0/24       AC:  5    Str:  4    XL:     4   Next: 14%
Magic:  3/13       EV: 13    Int: 23    God:
Gold:   117        SH:  0    Dex: 14    Spells: 4/13 levels left

rFire    . . .     SeeInvis .   j - +0 spear (freeze)
rCold    . . .     Gourm    .   (no shield)
rNeg     + . .     Faith    .   a - +0 robe
rPois    .         Spirit   .   n - +1 helmet
rElec    .         Reflect  .   (no cloak)
rCorr    .         Harm     .   (no gloves)
MR       .....                  h - +0 pair of boots
Stlth    ++........             (no amulet)
HPRegen  0.08/turn              m - ring of positive energy
MPRegen  0.13/turn              (no ring)

@: lethally poisoned (0 -> -4)
A: no striking features
a: no special abilities


You were on level 4 of the Dungeon.
You were not hungry.

You visited 1 branch of the dungeon, and saw 4 of its levels.

You collected 117 gold pieces.

Inventory:

Hand Weapons
 f - a +0 club
 j - a +0 spear of freezing (weapon)
Missiles
 e - 6 steel javelins (quivered)
Armour
 a - a +0 robe (worn)
 b - a +0 hat
 h - a +0 pair of boots (worn)
 i - a +0 helmet
 n - a +1 helmet (worn)
Jewellery
 m - a ring of positive energy (left hand)
Scrolls
 g - 3 scrolls of teleportation
 l - 3 scrolls of identify
 o - 2 scrolls of fear {unknown}
 q - a scroll of remove curse
Potions
 k - a potion of brilliance
 p - a potion of degeneration {unknown}
Books
 c - a book of Minor Magic

   Spells                             Type                      Level
   a - Magic Dart                     Conjuration                  1
   b - Blink                          Translocation                2
   c - Call Imp                       Summoning                    2
   d - Slow                           Hexes                        2
   e - Conjure Flame                  Conjuration/Fire             3
   f - Mephitic Cloud                 Conjuration/Poison/Air       3
Comestibles
 d - 7 rations


   Skills:
 + Level 3.4 Dodging
 - Level 2.4 Stealth
 + Level 5.2 Spellcasting
 + Level 2.5 Conjurations
   Level 1.1 Summonings
 - Level 1.1 Translocations
 + Level 0.6 Fire Magic
 + Level 0.6 Air Magic
 + Level 0.5 Poison Magic


You had 4 spell levels left.
You knew the following spells:

 Your Spells              Type           Power        Failure   Level  Hunger
a - Magic Dart            Conj           ###.         3%          1    None
b - Blink                 Tloc           N/A          9%          2    None
c - Conjure Flame         Conj/Fire      ##......     14%         3    ##.....
d - Mephitic Cloud        Conj/Pois/Air  ##......     17%         3    ##.....


Dungeon Overview and Level Annotations

Branches:
Dungeon (4/15)
 Temple: D:4-7

Altars:
Dithmenos
Elyvilon
Fedhas
Wu Jian

Annotations:
D:3 aaaaaaaaaaaaaaaaaa's ghost, amateur DrAK


Message History

You feel sick.
The worker ant is engulfed in noxious fumes.
The worker ant appears confused.
A worker ant comes into view.
You feel sick.
The worker ant is engulfed in noxious fumes.
The worker ant appears confused.
Okay, then.
Casting: Mephitic Cloud
Confirm with . or Enter, or press ? or * to list all spells.
Aiming: Mephitic Cloud
Press: ? - help, Shift-Dir - straight line, p - worker ant
Okay, then.
A gnoll comes into view. It is wielding a whip.
A gnoll comes into view. It is wielding a club.
You feel sick.
The scorpion seems less confused.
The gnoll barely misses you. The gnoll barely misses you.
The gnoll hits you from afar with a halberd!
Ouch! That really hurt!
You die...

... .... ....#
..>.. .....#####
##### .
#....<#......
...###....#......
..................
....###.gg@#......
......†........##
....##.#g..#####
.. #......######
#.....a.....#
...a.###.......#
...## #.......#
..# #.......#
#########


You could see 2 worker ants and 3 gnolls.

Vanquished Creatures
  A gnoll (D:3)
  2 adders (D:3)
  A worm (D:2)
  2 dart slugs
  A leopard gecko (D:4)
  An orc (D:3)
  A giant cockroach (D:1)
  6 goblins
  5 hobgoblins
  A quokka (D:3)
  4 bats
  4 frilled lizards
  5 kobolds
  8 rats
42 creatures vanquished.

Notes
Turn   | Place    | Note
-------+----------+-------------------------------------------
     0 | D:1      | Crag the Deep Elf Wizard began the quest for the Orb.
     0 | D:1      | Reached XP level 1. HP: 10/10 MP: 7/7
   280 | D:1      | Reached XP level 2. HP: 15/15 MP: 6/9
   285 | D:1      | Learned a level 2 spell: Blink
  1132 | D:2      | Reached XP level 3. HP: 9/19 MP: 3/11
  1314 | D:2      | Reached skill level 5 in Spellcasting
  1469 | D:2      | Learned a level 3 spell: Conjure Flame
  1473 | D:2      | Learned a level 3 spell: Mephitic Cloud
  2057 | D:3      | Found a blossoming altar of Fedhas.
  2224 | D:3      | Found a shadowy altar of Dithmenos.
  2358 | D:3      | Found an ornate altar of the Wu Jian Council.
  2364 | D:3      | Found a white marble altar of Elyvilon.
  2439 | D:3      | Reached XP level 4. HP: 24/24 MP: 0/13
  2538 | D:3      | Noticed aaaaaaaaaaaaaaaaaa's ghost (amateur DrAK)
  2842 | D:4      | Slain by a gnoll

Skill      XL: |  1  2  3 |
---------------+----------+-----
Dodging        | 3 |  3.4
Conjurations   | 2 |  2.5
Spellcasting   | 5 |  5.2
Stealth        | |  2.4
Summonings     | |  1.1
Translocations | |  1.1
Fire Magic     | |  0.6
Air Magic      | |  0.6
Poison Magic   | |  0.5

Action                   |  1- 3 |  4- 6 || total
-------------------------+-------+-------++-------
Melee: Club              |     1 |       ||     1
       Spear             |     4 |     7 ||    11
 Cast: Magic Dart        |    91 |     2 ||    93
       Mephitic Cloud    |     1 |     3 ||     4
       Blink             |       |     1 ||     1
  Use: Scroll            |     4 |       ||     4
       Potion            |     1 |       ||     1
  Eat: Chunk             |     1 |     1 ||     2
       Ration            |     1 |       ||     1
Dodge: Dodged            |     9 |     4 ||    13
